 Dungeon Crawl Stone Soup version 0.23-a0-389-g4a5eb33 (webtiles) character file.

215 Garbasso the Sneak (level 5, -4/24 HPs)
             Began as a Vine Stalker Enchanter on Oct 29, 2018.
             Slain by a wight
             ... wielding a +0 great sword
              (7 damage)
             ... on level 3 of the Dungeon.
             The game lasted 00:19:17 (2884 turns).

Garbasso the Sneak (Vine Stalker Enchanter)         Turns: 2884, Time: 00:19:19

Health: -4/24      AC:  5    Str: 10    XL:     5   Next: 92%
Magic:  0/9        EV: 11    Int: 15    God:
Gold:   222        SH:  0    Dex: 16    Spells: 2/8 levels left

rFire    . . .     SeeInvis +   b - +1 short sword (elec)
rCold    . . .     Gourm    .   (no shield)
rNeg     . . .     Faith    .   r - +0 robe
rPois    .         Spirit   +   (no helmet)
rElec    .         Reflect  .   (no cloak)
rCorr    .         Harm     .   u - +2 pair of gloves
MR       .....                  (no boots)
Stlth    +++.......             (no amulet)
HPRegen  0.48/turn              p - ring of see invisible
MPRegen  0.11/turn              (no ring)

@: very slightly contaminated, heavily drained
A: fangs 2, regeneration 1, magic shield, antimagic bite, no potion heal 3, rot
immunity
a: no special abilities


You were on level 3 of the Dungeon.
You were not hungry.

You visited 1 branch of the dungeon, and saw 3 of its levels.

You collected 222 gold pieces.

Inventory:

Hand Weapons
 a - a +1 dagger
 b - a +1 short sword of electrocution (weapon)
Armour
 r - a +0 robe (worn)
 u - a +2 pair of gloves (worn)
Jewellery
 p - a ring of see invisible (left hand)
Scrolls
 c - a scroll of identify
 g - a scroll of enchant armour {unknown}
 h - a scroll of enchant weapon {unknown}
 i - 3 scrolls of remove curse
 m - 2 scrolls of immolation {unknown}
 o - a scroll of blinking
 q - a scroll of teleportation {unknown}
 s - a scroll of fog {unknown}
Potions
 e - a potion of lignification
 f - 2 potions of curing
 j - a potion of might
 k - a potion of degeneration {unknown}
 l - a potion of heal wounds {unknown}
 n - a potion of resistance {unknown}
Comestibles
 d - 5 rations
 t - 6 chunks of flesh


   Skills:
 * Level 3.4(2.1) Short Blades
 - Level 1.5(0.3) Dodging
 + Level 5.0(3.6) Stealth
 - Level 2.1(0.9) Spellcasting
 * Level 4.3(3.0) Hexes


You had 2 spell levels left.
You knew the following spells:

 Your Spells              Type           Power        Failure   Level  Hunger
a - Corona                Hex            #......      7%          1    ##.....
b - Ensorcelled Hibernat  Hex/Ice        #.....       21%         2    ###....
c - Tukima's Dance        Hex            #.......     22%         3    ####...

Your spell library contained the following spells:

 Spells                   Type           Power        Failure   Level  Hunger
 Confuse                  Hex            #.......     22%         3    ####...
 Dazzling Spray           Conj/Hex       #.....       36%         3    ####...


Dungeon Overview and Level Annotations

Branches:
Dungeon (3/15)

Altars:


Innate Abilities, Weirdness & Mutations

You have extremely sharp teeth.
Your natural rate of healing is unusually fast.
When hurt, damage is shared between your health and your magic reserves.
Your bite disrupts and absorbs the magic of your enemies.
Potions cannot restore your health.
You are immune to rotting.


Message History

Press: ? - help, Shift-Dir - straight line, f/p - wight
Aim: a wight, wielding a +0 great sword and wearing a +0 robe of magic You miscast Tukima's Dance.
You are very lightly contaminated with residual magic.
Your skin tingles.
The wight hits you with a +0 great sword!
You feel drained.
You closely miss the wight. The wight hits you but does no damage.
You hit the wight. Lightning courses through the wight!
The wight is severely damaged.
You closely miss the wight. You bite the wight, but do no damage.
The wight is severely damaged.
The wight misses you.
You barely miss the wight.
The wight is severely damaged.
The wight hits you with a +0 great sword!
Ouch! That really hurt!
* * * LOW HITPOINT WARNING * * *
You feel drained.
You die...

##.####.##...###..#######
........##.#......#
##...............##
##########.######
........# #######.# #.#
######)###########.#
............@z......#
#####################


You could see a wight.

Vanquished Creatures
  Jessica (D:2)
  Terence (D:2)
  5 adders
  2 worms (D:2)
  A dart slug (D:1)
  A leopard gecko (D:1)
  4 orcs (D:3)
  12 bats
  13 goblins
  7 hobgoblins
  3 jackals (D:3)
  9 kobolds
  A quokka (D:2)
  A ball python (D:3)
  7 frilled lizards
  7 rats
75 creatures vanquished.

Vanquished Creatures (collateral kills)
  A wight (D:3)
1 creature vanquished.

Grand Total: 76 creatures vanquished

Notes
Turn   | Place    | Note
-------+----------+-------------------------------------------
     0 | D:1      | Garbasso the Vine Stalker Enchanter began the quest for the
                  | Orb.
     0 | D:1      | Reached XP level 1. HP: 9/9 MP: 4/4
    42 | D:1      | Reached skill level 1 in Short Blades
    87 | D:1      | Reached XP level 2. HP: 12/13 MP: 1/6
   458 | D:1      | Reached skill level 4 in Stealth
   759 | D:1      | Learned a level 2 spell: Ensorcelled Hibernation
   808 | D:1      | Reached XP level 3. HP: 16/16 MP: 7/7
  1270 | D:2      | Noticed Jessica
  1278 | D:2      | Killed Jessica
  1278 | D:2      | Gained mutation: Your natural rate of healing is unusually
                  | fast. [Vine Stalker growth]
  1278 | D:2      | Reached XP level 4. HP: 17/21 MP: 3/8
  1694 | D:2      | Noticed Terence
  1705 | D:2      | Killed Terence
  1705 | D:2      | Reached XP level 5. HP: 19/24 MP: 0/9
  2371 | D:2      | Learned a level 3 spell: Tukima's Dance
  2805 | D:3      | Reached skill level 5 in Stealth
  2884 | D:3      | Slain by a wight

Vault maps used:
D:1:      dpeg_arrival_subterranean_lakeside_camping
D:2:      first_ration, uniq_terence, uniq_jessica

Skill      XL: |  1  2  3  4  5 |
---------------+----------------+-----
Short Blades   | 1 2 3 |  3.4
Stealth        | 4 5 |  5.0
Hexes          | 4 |  4.3
Dodging        | |  1.5
Spellcasting   | |  2.1

Action                   |  1- 3 |  4- 6 || total
-------------------------+-------+-------++-------
Melee: Dagger            |    77 |   105 ||   182
       Bite              |     9 |    26 ||    35
       Short sword       |       |    26 ||    26
 Cast: Corona            |    14 |     6 ||    20
       Ensorcelled Hiber |     8 |    31 ||    39
       Tukima's Dance    |       |     5 ||     5
  Use: Scroll            |     5 |     1 ||     6
 Stab: Sleeping          |    14 |    17 ||    31
  Eat: Chunk             |     2 |     5 ||     7
       Ration            |       |     1 ||     1
Armor: Robe              |    49 |    22 ||    71
Dodge: Dodged            |   116 |    68 ||   184

Table legend:
 A = Non-vault XP
 B = Vault XP
 C = Vault XP percentage of total XP
 D = Non-vault monster count
 E = Vault monster count
 F = Vault count percentage of total count
                 A         B        C        D         E       F
            +---------+---------+-------+---------+---------+-------
      Total |     227 |      81 |  26.3 |      68 |       8 |  10.5
            +---------+---------+-------+---------+---------+-------
        D:1 |      45 |       8 |  15.1 |      26 |       6 |  18.8
        D:2 |      77 |      73 |  48.7 |      21 |       2 |   8.7
        D:3 |     105 |       0 |   0.0 |      21 |       0 |   0.0
            +---------+---------+-------+---------+---------+-------
